 Dungeon Crawl Stone Soup version 0.29-a0-40-g8eb35efe60 (webtiles) character file.

Game seed: 17748608043520499064

13276 HallandMoats the Fighter (level 12, -3/104 HPs)
             Began as a Ghoul Monk on Feb 2, 2022.
             Was an Initiate of Gozag.
             Slain by a two-headed ogre (14 damage)
             ... on level 12 of the Dungeon.
             The game lasted 00:22:06 (16157 turns).

HallandMoats the Fighter (Ghoul Monk)              Turns: 16157, Time: 00:22:10

Health: -3/104     AC: 17    Str: 20    XL:     12   Next: 4%
Magic:  0/18       EV:  9    Int:  5    God:    Gozag
Gold:   1694       SH:  0    Dex: 11    Spells: 21/21 levels left

rFire   . . .      SeeInvis .     - Unarmed
rCold   + + .      Faith    .   (no shield)
rNeg    + + +      Spirit   +   g - +4 chain mail {rF+}
rPois   ∞          Reflect  .   d - +2 hat
rElec   .          Harm     .   A - +0 cloak
rCorr   +          Rampage  .   (no gloves)
Will    +....                   (no boots)
Stlth   ..........              j - amulet of guardian spirit
HPRegen 0.00/turn               n - ring of Napsamp {Ice rPois Will+ rCorr}
MPRegen 0.16/turn               b - +4 ring of slaying

@: inhibited regen
A: claws 1, cold resistance 1, negative energy resistance 3, inhibited
regeneration, torment resistance 2
a: Renounce Religion, Potion Petition, Call Merchant, Bribe Branch


You were on level 12 of the Dungeon.
You worshipped Gozag.
Gozag was most pleased with you.
You visited 1 branch of the dungeon, and saw 12 of its levels.

You collected 2830 gold pieces.
You spent 569 gold pieces at shops.
You paid 567 gold pieces to Gozag.

Inventory:

Armour
 d - a +2 hat (worn)
 g - a +4 chain mail of fire resistance (worn)
 A - a +0 cloak (worn)
Jewellery
 b - a +4 ring of slaying (right claw)
 j - an amulet of guardian spirit (around neck)
 n - the ring of Napsamp (left claw) {Ice rPois Will+ rCorr}
   (You found it on level 4 of the Dungeon)

   [ring of ice]

   It enhances your ice magic.
   rF:        It makes you vulnerable to fire.
   rC:        It protects you from cold.
   rPois:     It protects you from poison.
   rCorr:     It protects you from acid and corrosion.
   Will:      It increases your willpower.
 o - a ring of willpower
 p - the ring "Tichu" {rN+ MP-9 Int+6 Dex+2}
   (You bought it in a shop on level 4 of the Dungeon)

   [ring of intelligence]

   Int:       It affects your intelligence (+6).
   Dex:       It affects your dexterity (+2).
   rN:        It protects you from negative energy.
   MP:        It affects your magic capacity (-9).
 w - a ring of magical power
 B - a +4 ring of protection
 C - a +4 ring of evasion
 E - a ring of willpower
Wands
 t - a wand of paralysis (9)
 F - a wand of iceblast (9)
 G - a wand of charming (8)
Scrolls
 c - 2 scrolls of enchant weapon
 e - 3 scrolls of silence
 i - a scroll of teleportation
 k - 4 scrolls of summoning
 l - 3 scrolls of brand weapon {unknown}
 m - 2 scrolls of fog
 r - 2 scrolls of identify
 u - 3 scrolls of magic mapping
 v - a scroll of amnesia
 x - 2 scrolls of fear
 y - 2 scrolls of immolation
Potions
 a - 2 potions of resistance
 f - a potion of magic
 h - a potion of degeneration {unknown}
 q - 2 potions of curing
 z - a potion of berserk rage {unknown}
 D - 2 potions of brilliance
 H - a potion of mutation {unknown}
 I - 2 potions of heal wounds {unknown}
 J - a potion of ambrosia {unknown}


   Skills:
 + Level 9.2 Fighting
 + Level 5.5 Armour
 + Level 6.4 Dodging
 - Level 2.1 Stealth
 + Level 9.2 Unarmed Combat
 * Level 5.2 Spellcasting
 * Level 5.2 Conjurations
 * Level 6.9 Ice Magic
 + Level 6.8 Invocations


You had 21 spell levels left.
You didn't know any spells.
Your spell library contained the following spells:

 Spells                   Type           Power      Damage    Failure   Level
 Freeze                   Ice            48%        1d7       17%         1
 Magic Dart               Conj           24%        1d4       32%         1
 Frozen Ramparts          Ice            24%        1d4       45%         3
 Foxfire                  Conj/Fire      12%        2x1d4     69%         1
 Ensorcelled Hibernation  Hex/Ice        14%        N/A       71%         2
 Hailstorm                Conj/Ice       11%        3d5       93%         4
 Animate Skeleton         Necr           2%         N/A       96%         1
 Apportation              Tloc           2%         N/A       96%         1
 Sting                    Tmut/Pois      4%         1d3       96%         1
 Summon Small Mammal      Summ           4%         N/A       96%         1
 Conjure Flame            Conj/Fire      3%         6-21      96%         3
 Dazzling Flash           Conj/Hex       6%         N/A       96%         3
 Call Imp                 Summ           1%         N/A       99%         2
 Corpse Rot               Necr/Air       2%         N/A       99%         2
 Poisonous Vapours        Pois/Air       2%         N/A       99%         2
 Mephitic Cloud           Conj/Pois/Air  3%         N/A       99%         3
 Inner Flame              Hex/Fire       1%         N/A       100%        3
 Tukima's Dance           Hex            1%         N/A       100%        3
 Anguish                  Hex/Necr       0%         N/A       100%        4
 Flame Wave               Conj/Fire      3%         2d4       100%        4
 Olgreb's Toxic Radiance  Pois           1%         N/A       100%        4
 Summon Ice Beast         Ice/Summ       7%         N/A       100%        4
 Agony                    Necr           1%         N/A       100%        5
 Iskenderun's Battlesphe  Conj           6%         2d6       100%        5
 Silence                  Hex/Air        0%         N/A       100%        5
 Iron Shot                Conj/Erth      1%         9d1       100%        6
 Enfeeble                 Hex            0%         N/A       100%        7
 Spellforged Servitor     Conj/Summ      1%         N/A       100%        7
 Spider Form              Tmut/Pois      Unusable   N/A       N/A         3
 Ice Form                 Ice/Tmut       Unusable   N/A       N/A         4

Dungeon Overview and Level Annotations

Branches:
Dungeon (12/15)            Temple (0/1) D:6            Lair (0/6) D:10
    Orc: D:9-12

Altars:
Cheibriados
Dithmenos
Elyvilon
Gozag
Kikubaaqudgha
Makhleb
Okawaru
Qazlal
Ru
Trog
Vehumet
Wu Jian
Yredelemnul
The Shining One
Beogh

Shops:
D:4 **   D:11 ?

Annotations:
D:5 Eustachio
D:8 1 runed translucent door


Innate Abilities, Weirdness & Mutations

You thrive by killing the living.
You are immune to poison.
You have sharp fingernails.
Your flesh is cold resistant. (rC+)
You are immune to negative energy. (rN+++)
You do not regenerate when monsters are visible.
You are immune to unholy pain and torment.


Message History

The vampire mosquito bites you but does no damage.
You claw the vampire mosquito!
The vampire mosquito is heavily damaged.
The vampire mosquito bites you but does no damage.
An orc wizard comes into view. It is wielding a +0 dagger.
You claw the vampire mosquito!
The vampire mosquito is almost destroyed.
The vampire mosquito barely misses you. The vampire mosquito bites you.
* * * LOW HITPOINT WARNING * * *
You completely miss the vampire mosquito.
The vampire mosquito is almost destroyed.
The vampire mosquito closely misses you.
The vampire mosquito bites you.
* * * LOW HITPOINT WARNING * * *
As you read the scroll of teleportation, it crumbles to dust.
You feel strangely unstable. The vampire mosquito barely misses you.
You scratch the orc wizard.
The orc wizard is lightly wounded.
The vampire mosquito bites you!
* * * LOW HITPOINT WARNING * * *
The vampire mosquito bites you but does no damage.
You claw the orc warrior!
The orc warrior is heavily wounded.
The vampire mosquito barely misses you.
The vampire mosquito bites you but does no damage.
You claw the orc warrior!
The orc warrior is almost dead.
The vampire mosquito bites you.
* * * LOW HITPOINT WARNING * * *
The orc warrior hits you with a +0 hand axe!
* * * LOW HITPOINT WARNING * * *
The vampire mosquito misses you.
The orc warrior hits you but does no damage.
You closely miss the orc warrior.
The orc warrior is almost dead.
Your surroundings suddenly seem different.
A two-headed ogre comes into view. It is wielding two +0 giant clubs.
The two-headed ogre hits you with a +0 giant club!
You die...
Your body crumbles into a pile of gold.

.# .#
.# .#
###.#
...#
#..#
#@#
#.O...#
$
#######


You could see a two-headed ogre.

Vanquished Creatures
  Erolcha (D:12)
  3 two-headed ogres
  Pikel (D:8)
  An ugly thing (D:12)
  Joseph (D:7)
  A gargoyle (D:12)
  Maggie (D:6)
  3 kobold demonologists (D:10)
  3 trolls
  Prince Ribbit (D:7)
  5 slime creatures
  A shadow (D:9)
  A wraith (D:11)
  11 yaks
  An acid dragon (D:8)
  A water moccasin (D:7)
  A black bear (D:6)
  6 orc warriors
  2 sky beasts (D:7)
  2 ogres
  A necrophage (D:5)
  3 centaurs
  3 wolves (D:10)
  A lemure (D:8)
  A phantom (D:3)
  4 kobold brigands
  A scorpion (D:6)
  A wyvern zombie (D:6)
  2 wyvern skeletons
  12 killer bees
  3 wights (D:7)
  5 howler monkeys (D:11)
  7 electric eels (D:10)
  3 jellies
  Crazy Yiuf (D:7)
  6 orc priests
  7 hounds
  3 iguanas
  3 centaur skeletons
  A scorpion zombie (D:5)
  8 orc wizards
  A hound skeleton (D:4)
  Robin (D:2)
  2 howler monkey zombies
  3 gnolls (D:5)
  6 adders
  A shadow imp (D:8)
  2 white imps
  An ufetubus (D:7)
  3 dart slugs
  72 orcs
  5 ball pythons
  6 endoplasms
  3 giant cockroaches (D:1)
  16 goblins
  7 hobgoblins
  10 jackals
  28 kobolds
  2 quokkas
  5 bats
  4 frilled lizards
  A kobold skeleton (D:8)
  3 rats
305 creatures vanquished.

Vanquished Creatures (collateral kills)
  3 goblins (D:1)
3 creatures vanquished.

Vanquished Creatures (others)
  An orc (D:10)
1 creature vanquished.

Grand Total: 309 creatures vanquished

Notes
Turn   | Place    | Note
-------+----------+-------------------------------------------
     0 | D:1      | HallandMoats the Ghoul Monk began the quest for the Orb.
     0 | D:1      | Reached XP level 1. HP: 19/19 MP: 0/0
   293 | D:1      | Reached XP level 2. HP: 20/26 MP: 1/1
   495 | D:1      | Found a faded altar of an unknown god.
   506 | D:1      | Prayed at the altar of an unknown god.
   506 | D:1      | Became a worshipper of Gozag Ym Sagoz the Greedy
   634 | D:1      | Reached XP level 3. HP: 25/33 MP: 2/2
   642 | D:1      | Reached skill level 1 in Invocations
  1084 | D:2      | Noticed Robin
  1166 | D:1      | HP: 1/33 [goblin[Robin] (2)]
  1940 | D:2      | Killed Robin
  1941 | D:2      | Reached XP level 4. HP: 25/40 MP: 3/3
  2491 | D:3      | Noticed a phantom
  2503 | D:3      | Killed a phantom
  2504 | D:3      | Reached skill level 1 in Armour
  2504 | D:3      | Reached XP level 5. HP: 47/47 MP: 5/5
  2751 | D:3      | Reached XP level 6. HP: 28/53 MP: 6/6
  3526 | D:4      | Identified the +5 hunting sling "Mounywn" {freeze, Will-
                  | rCorr Int+8}
  3564 | D:4      | Found Iqirey's Fire Supplies.
  3580 | D:4      | Identified the ring of Napsamp {Ice rPois Will+ rCorr}
  3691 | D:4      | Reached skill level 5 in Fighting
  3784 | D:4      | Found Otohi Ari's Assorted Antiques.
  3787 | D:4      | Bought a wavering golden ring for 100 gold pieces
  3787 | D:4      | Identified the ring "Tichu" {rN+ MP-9 Int+6 Dex+2} (You
                  | bought it in a shop on level 4 of the Dungeon)
  3787 | D:4      | Bought a cyan potion for 18 gold pieces
  3787 | D:4      | Bought a coppery potion for 18 gold pieces
  3787 | D:4      | Bought a sapphire potion for 18 gold pieces
  3787 | D:4      | Bought a scroll labelled LYKUGO EZORR for 20 gold pieces
  3787 | D:4      | Bought a scroll of identify for 40 gold pieces
  3968 | D:4      | Bought a shiny chain mail for 150 gold pieces
  3968 | D:4      | Bought a thick fluorescent amulet for 100 gold pieces
  3990 | D:5      | Entered Level 5 of the Dungeon
  3997 | D:5      | Reached skill level 5 in Unarmed Combat
  4081 | D:5      | Found a bloodstained altar of Trog.
  4119 | D:5      | Noticed a necrophage
  4128 | D:5      | Killed a necrophage
  4129 | D:5      | Reached XP level 7. HP: 61/61 MP: 7/7
  4167 | D:5      | Found a radiant altar of Vehumet.
  4455 | D:5      | Noticed a troll
  4463 | D:5      | Killed a troll
  4464 | D:5      | Reached XP level 8. HP: 47/70 MP: 6/9
  4646 | D:5      | Noticed Eustachio
  4646 | D:5      | You fall into a shaft and drop 1 floor!
  4702 | D:6      | Found a staircase to the Ecumenical Temple.
  5196 | D:6      | Found a shadowy altar of Dithmenos.
  5448 | D:6      | Noticed Maggie
  5468 | D:6      | Killed Maggie
  5469 | D:6      | Reached XP level 9. HP: 21/79 MP: 2/11
  6155 | D:7      | Reached skill level 1 in Ice Magic
  6283 | D:7      | Reached skill level 1 in Spellcasting
  6338 | D:7      | Reached skill level 1 in Conjurations
  6356 | D:7      | Reached skill level 5 in Dodging
  6674 | D:7      | Noticed Joseph
  6689 | D:7      | Killed Joseph
  6690 | D:7      | Reached skill level 5 in Invocations
  6828 | D:7      | Found a runed translucent door.
  6829 | D:7      | Noticed Crazy Yiuf
  6878 | D:7      | Noticed Prince Ribbit
  6890 | D:7      | Killed Prince Ribbit
  7016 | D:7      | Killed Crazy Yiuf
  7093 | D:8      | Noticed Pikel
  7122 | D:8      | Killed Pikel
  7123 | D:8      | Reached XP level 10. HP: 24/88 MP: 3/12
  7442 | D:8      | Found a snail-covered altar of Cheibriados.
  7528 | D:8      | Found a runed translucent door.
  7532 | D:8      | Found a basalt altar of Yredelemnul.
  7684 | D:8      | Noticed a two-headed ogre
  7702 | D:8      | Killed a two-headed ogre
  9037 | D:8      | Found an ancient bone altar of Kikubaaqudgha.
  9053 | D:8      | Found an iron altar of Okawaru.
  9187 | D:9      | Found a burning altar of Makhleb.
  9602 | D:9      | Reached skill level 5 in Ice Magic
  9655 | D:9      | Found a sacrificial altar of Ru.
  9798 | D:9      | Reached XP level 11. HP: 61/95 MP: 9/15
 10147 | D:10     | Entered Level 10 of the Dungeon
 10851 | D:10     | Reached skill level 5 in Armour
 11014 | D:10     | HP: 2/95 [hound (4)]
 11500 | D:10     | Found a staircase to the Lair.
 11790 | D:10     | Found an ornate altar of the Wu Jian Council.
 12784 | D:10     | Found a stormy altar of Qazlal.
 13145 | D:10     | Noticed a soul eater
 13759 | D:11     | Found Hingats's Magic Scroll Emporium.
 13779 | D:11     | Bought a scroll of identify for 28 gold pieces
 13779 | D:11     | Bought a scroll of identify for 28 gold pieces
 13779 | D:11     | Bought a scroll of fear for 49 gold pieces
 13959 | D:11     | Noticed a two-headed ogre
 13971 | D:11     | Killed a two-headed ogre
 14496 | D:11     | Noticed a skeletal warrior
 14496 | D:11     | Noticed a skeletal warrior
 14496 | D:11     | Noticed a skeletal warrior
 14497 | D:11     | Noticed a skeletal warrior
 14513 | D:11     | Noticed a cyclops
 15594 | D:12     | Noticed a green ugly thing
 15611 | D:12     | Killed a green ugly thing
 15636 | D:12     | Reached skill level 5 in Spellcasting
 15636 | D:12     | Reached skill level 5 in Conjurations
 15800 | D:12     | Noticed Erolcha
 15806 | D:12     | Killed Erolcha
 16105 | D:12     | Noticed a two-headed ogre
 16114 | D:12     | Killed a two-headed ogre
 16115 | D:12     | Reached XP level 12. HP: 77/104 MP: 13/18
 16157 | D:12     | Noticed a two-headed ogre
 16157 | D:12     | Slain by a two-headed ogre

Illustrated notes

Levels and vault maps discovered:
D:1:      wander_arrival_estate, layout_basic, ebering_ecumenical_altar_rust
D:2:      layout_basic, basic_altar, uniq_robin
D:3:      layout_basic, hangedman_feature_mirror
D:4:      layout_basic, serial_shops, nicolae_shop_behind_doors,
          nicolae_shop_fire_sale [nicolae_sub_dead_trees]
D:5:      layout_basic, lemuel_round_altar, lemuel_coloured_pillars_altar,
          enter_ossuary_5, uniq_eustachio
D:6:      layout_basic, mainiacjoe_overflow_surrounded_room, elyvilon_altar_1,
          minmay_temple_entry_statues_pillars, uniq_maggie
D:7:      layout_loops_ring, uniq_prince_ribbit1, uniq_crazy_yiuf_cottage,
          uniq_joseph
D:8:      layout_cave_pools, kennysheep_slug_shrine, dk_yredelemnul_ordeal,
          mainiacjoe_overflow_swirl, special_room [special_room_orc],
          st_stairs_3, hangedman_abyss_or_decor_jellyfish_corner,
          solitary_fountain, grunt_decor_junction, uniq_pikel
D:9:      layout_roguey, mainiacjoe_overflow_alcove_4, kennysheep_little_box
D:10:     layout_basic, mainiacjoe_overflow_catch_the_wave, lemuel_round_altar,
          erik_lair_island, special_room [special_room_orc]
D:11:     layout_irregular_city, serial_shops, shop_statue
D:12:     layout_basic, david_orc_3, corexii_corridor_pit,
          nicolae_uskayaw_murder_on_the_dancefloor, uniq_erolcha

Skill      XL: |  1  2  3  4  5  6  7  8  9 10 11 |
---------------+----------------------------------+-----
Invocations    | 1 2 3 4 5 6 |  6.8
Fighting       | 4 5 6 7 8 9 |  9.2
Dodging        | 3 4 5 6 |  6.4
Unarmed Combat | 4 5 6 7 8 9 |  9.2
Armour         | 1 2 3 4 5 |  5.5
Ice Magic      | 3 5 6 |  6.9
Spellcasting   | 2 3 5 |  5.2
Conjurations   | 2 3 5 |  5.2
Stealth        | |  2.1

Action                   |  1- 3 |  4- 6 |  7- 9 | 10-12 || total
-------------------------+-------+-------+-------+-------++-------
Melee: Unarmed           |   140 |   187 |   275 |   573 ||  1175
       Punch             |     1 |     2 |     9 |    48 ||    60
Invok: Potion Petition   |       |       |       |     1 ||     1
  Use: Scroll            |     2 |     6 |     1 |     7 ||    16
       Potion            |       |       |       |     6 ||     6
 Stab: Sleeping          |       |     2 |       |       ||     2
       Distracted        |       |       |     1 |     5 ||     6
Armor: Robe              |    31 |       |       |       ||    31
       Scale mail        |    48 |       |       |       ||    48
       Ring mail         |       |    74 |       |       ||    74
       Chain mail        |       |    19 |   186 |   296 ||   501
Dodge: Dodged            |   110 |    94 |    89 |   284 ||   577

Table legend: (Time is in decaauts)
 A = Elapsed time spent in this place.
 B = Non-inter-level travel time spent in this place.
 C = Inter-level travel time spent in this place.
 D = Time resting spent in this place.
 E = Time spent auto-exploring this place.
 F = Levels seen in this place.
 G = Mean time per level.
                   A        B        C        D        E       F      G
               +--------+--------+--------+--------+--------+-----+--------+
         Total |  16014 |  15655 |    359 |   4668 |   8066 |  12 | 1334.5 |
       Dungeon |  16014 |  15655 |    359 |   4668 |   8066 |  12 | 1334.5 |
               +--------+--------+--------+--------+--------+-----+--------+

Top non-repeatable levels by time:
    D:10: 3452 daAuts
    D:11: 1889 daAuts
     D:8: 1663 daAuts
     D:1: 1642 daAuts
     D:6: 1475 daAuts
     D:7: 1235 daAuts
     D:9: 1135 daAuts
     D:3: 888 daAuts
     D:4: 778 daAuts
     D:2: 656 daAuts
     D:5: 646 daAuts
    D:12: 549 daAuts
